 Dungeon Crawl Stone Soup version 0.18-a0-750-g37044d6 (webtiles) character file.

1079 fredomojojo the Covered (level 8, -5/71 HPs)
             Began as a Minotaur Fighter on Dec 11, 2015.
             Was an Initiate of the Shining One.
             Killed by nerve-wracking pain
             ... invoked by an orc priest
              (13 damage)
             ... on level 6 of the Dungeon.
             The game lasted 00:41:48 (3803 turns).

fredomojojo the Covered (Minotaur Fighter)          Turns: 3803, Time: 00:41:49

Health: -5/71      AC: 18    Str: 23    XL:     8   Next: 8%
Magic:  7/7        EV:  7    Int:  5    God:    the Shining One [......]
Gold:   304        SH: 10    Dex: 10    Spells: 0 memorised, 7 levels left

rFire  + . .     SeeInvis .     v - +2 mace (protect)
rCold  . . .     Clarity  .     H - +3 chain mail
rNeg   . . .     SustAt   .     c - +0 shield
rPois  .         Gourm    .     (helmet restricted)
rElec  .         Spirit   .     (no cloak)
rCorr  .         Dismiss  .     (no gloves)
rMut   .         Stasis   .     (no boots)
MR     .....                    (no amulet)
Stlth  ..........               (no ring)
                                n - ring of protection from fire

@: not resistant to hostile enchantments, extremely unstealthy
A: retaliatory headbutt, horns 2
a: Renounce Religion


You were on level 6 of the Dungeon.
You worshipped the Shining One.
The Shining One was noncommittal.
You were not hungry.

You visited 2 branches of the dungeon, and saw 8 of its levels.

You collected 304 gold pieces.

Inventory:

Hand Weapons
 a - a +0 long sword
 v - a +2 mace of protection (weapon)
 E - a +0 war axe
Missiles
 j - 59 stones (quivered)
 z - 2 silver tomahawks
Armour
 c - a +0 shield (worn)
 y - a +0 scale mail of fire resistance
 H - a +3 chain mail (worn)
 J - a +3 ring mail
Jewellery
 n - a ring of protection from fire (left hand)
Wands
 x - a wand of lightning (9)
Scrolls
 h - a scroll of blinking {unknown}
 k - 2 scrolls of immolation {unknown}
 m - 3 scrolls of recharging
 o - 3 scrolls of remove curse
 q - a scroll of teleportation {unknown}
 u - a scroll of enchant armour {unknown}
 C - a scroll of amnesia {unknown}
 D - 3 scrolls of magic mapping {unknown}
 I - 2 scrolls of noise {unknown}
Potions
 d - 3 potions of might
 g - 2 potions of curing {unknown}
 l - a potion of invisibility {unknown}
 r - 2 potions of agility
 s - a potion of haste {unknown}
 w - 3 potions of brilliance
 F - a potion of cancellation {unknown}
 G - 2 potions of berserk rage {unknown}
Miscellaneous
 p - a plain deck of summoning
Comestibles
 b - 2 beef jerkies
 e - 4 bread rations
 f - 2 chunks of flesh
 i - a meat ration
 B - a fruit


   Skills:
 + Level 6.4 Fighting
 + Level 3.7 Long Blades
 + Level 3.6 Maces & Flails
 + Level 7.1 Armour
 + Level 3.8 Dodging
 + Level 5.7 Shields


You had 7 spell levels left.
You didn't know any spells.

Dungeon Overview and Level Annotations

Branches:
Dungeon (7/15)             Temple (1/1) D:5

Altars:
Ashenzari
Cheibriados
Dithmenos
Elyvilon
Kikubaaqudgha
Makhleb
Nemelex Xobeh
Ru
Sif Muna
Trog
Xom
Yredelemnul
Zin
The Shining One

Shops:
D:4 (   D:6 *

Annotations:
D:7 Pikel


Innate Abilities, Weirdness & Mutations

You reflexively headbutt those who attack you in melee.
You have a pair of horns on your head.


Message History

Something smites you! You block the orc warrior's attack.
You hit the orc warrior. You headbutt the orc warrior.
You kill the orc warrior!
You have reached level 8!
You feel stronger.
The orc priest mumbles some strange prayers to Beogh against you.
Something smites you!
* * * LOW HITPOINT WARNING * * *
The orc priest barely misses you. You block the orc's attack.
The orc priest calls down the wrath of Beogh upon you.
Something smites you!
* * * LOW HITPOINT WARNING * * *
You hit the orc.
The orc is heavily wounded.
You barely miss the orc.
The orc is heavily wounded.
You block the orc's attack.
The orc priest invokes the aid of Beogh against you.
Pain shoots through your body!
You die...

........## #...#..####
.........# #........##
.........# #........##
.......## #........##
#.....#
#........######
#.....#
##..............
#.....##
##..........#####
##.....###..>#.......#
#
#.....##@..##.......#
#
#.....Yoo####........#
# #.###.o###
####...### # ## ####
#####


You could see an ice beast, 2 orc priests and an orc.

Vanquished Creatures
  Menkaure (D:4)
  An ogre (D:4)
  An orc warrior (D:6)
  A giant frog (D:5)
  A big kobold (D:3)
  A crimson imp (D:5)
  A centaur zombie (D:5)
  2 hounds
  4 iguanas
  3 orc priests
  2 worker ants
  12 adders
  2 shadow imps (D:5)
  3 oozes
  3 worms
  An adder skeleton (D:5)
  4 giant geckos
  19 orcs
  2 ball pythons
  7 bats
  3 giant cockroaches
  8 goblins
  12 hobgoblins
  8 jackals
  5 kobolds
  4 quokkas
  2 jackal skeletons (D:4)
  A quokka zombie (D:5)
  6 rats
120 creatures vanquished.

Notes
Turn   | Place    | Note
--------------------------------------------------------------
     0 | D:1      | fredomojojo the Minotaur Fighter began the quest for the Orb.
     0 | D:1      | Reached XP level 1. HP: 19/19 MP: 0/0
    63 | D:1      | Reached skill level 4 in Fighting
   132 | D:1      | Reached XP level 2. HP: 27/27 MP: 1/1
   689 | D:2      | Reached XP level 3. HP: 34/34 MP: 2/2
   891 | D:2      | Reached XP level 4. HP: 33/41 MP: 3/3
  1004 | D:2      | Reached skill level 1 in Dodging
  1200 | D:3      | Found a shattered altar of Ashenzari.
  1349 | D:2      | Found a shattered altar of Ashenzari.
  1502 | D:3      | Noticed a big kobold
  1518 | D:3      | Killed a big kobold
  1518 | D:3      | Reached skill level 5 in Fighting
  1518 | D:3      | Reached XP level 5. HP: 40/48 MP: 4/4
  1526 | D:3      | Reached skill level 5 in Armour
  1558 | D:3      | Reached skill level 1 in Maces & Flails
  1895 | D:3      | Reached XP level 6. HP: 56/56 MP: 5/5
  1924 | D:3      | Found a white marble altar of Elyvilon.
  2165 | D:5      | Entered Level 5 of the Dungeon
  2324 | D:4      | Found a deep blue altar of Sif Muna.
  2445 | D:4      | Noticed Menkaure
  2455 | D:4      | Killed Menkaure
  2455 | D:4      | Reached skill level 6 in Armour
  2455 | D:4      | Reached XP level 7. HP: 54/62 MP: 6/6
  2536 | D:4      | Reached skill level 5 in Shields
  2611 | D:4      | Found Poetoryutz's Weapon Boutique.
  3226 | D:5      | Found a shadowy altar of Dithmenos.
  3235 | D:5      | Reached skill level 7 in Armour
  3277 | D:5      | Found a staircase to the Ecumenical Temple.
  3285 | Temple   | Entered the Ecumenical Temple
  3313 | Temple   | Became a worshipper of the Shining One
  3397 | D:6      | Found Daesap's General Store.
  3762 | D:7      | Noticed Pikel
  3800 | D:6      | Reached XP level 8. HP: 28/71 MP: 7/7
  3803 | D:6      | Killed from afar by an orc priest

Vault maps used:
D:1:      ncdulo_lavacross
D:2:      marbit_many_paths, minmay_misc_feat_cross, amalloy_card_club
D:3:      nicolae_overflow_hidden_temple, first_bread, ashenzari_altar_1
D:4:      lemuel_doored_altar, serial_shops, nicolae_shop_stone, uniq_menkaure
D:5:      grunt_dithmenos_smoke, minmay_temple_entry_fiery
D:6:      serial_shops, shop, shop, shop_fountains, minivault_24
D:7:      tgw_fedhas, okawaru_metal_pillars_1_2, the_bakery,
          lemuel_blue_sif_altar, uniq_pikel
Temple:   circular_temple_12

Action                   |  1- 3 |  4- 6 |  7- 9 || total
-------------------------+-------+-------+-------++-------
Melee: Long sword        |    64 |    29 |       ||    93
       Mace              |       |   123 |   129 ||   252
Throw: Stone             |       |     1 |       ||     1
  Use: Scroll            |       |       |     5 ||     5
  Eat: Chunk             |       |     5 |     4 ||     9
       Fruit             |       |       |     1 ||     1
